 Dungeon Crawl Stone Soup version 0.26-a0-1033-gd598b01645 (webtiles) character file.

Game seed: 12334889614074160260

315 Kraken2834 the Chopper (level 6, -3/57 HPs)
             Began as a Minotaur Berserker on Dec 10, 2020.
             Was a Priest of Trog.
             Slain by a river rat (10 damage)
             ... summoned by Eustachio
             ... on level 4 of the Dungeon.
             The game lasted 00:06:24 (2249 turns).

Kraken2834 the Chopper (Minotaur Berserker)         Turns: 2249, Time: 00:06:26

Health: -3/57      AC:  2    Str: 24    XL:     6   Next: 20%
Magic:  5/5        EV: 16    Int:  4    God:    Trog [***...]
Gold:   208        SH:  0    Dex:  9    Spells: 5/5 levels left

rFire    . . .     SeeInvis .   g - +4 dagger (distort)
rCold    + . .     Faith    .   (no shield)
rNeg     . . .     Spirit   .   b - +0 animal skin
rPois    .         Reflect  .   (helmet restricted)
rElec    .         Harm     .   (no cloak)
rCorr    .         Rampage  .   (no gloves)
Will     .....                  (no boots)
Stlth    +.........             i - amulet of magic regeneration
HPRegen  0.19/turn              l - +4 ring of evasion
MPRegen  0.34/turn              k - ring of protection from cold

@: confused
A: retaliatory headbutt, horns 2
a: Berserk, Trog's Hand, Renounce Religion


You were on level 4 of the Dungeon.
You worshipped Trog.
Trog was most pleased with you.
You visited 1 branch of the dungeon, and saw 4 of its levels.

You collected 208 gold pieces.

Inventory:

Hand Weapons
 a - a +0 hand axe
 g - a +4 dagger of distortion (weapon)
Armour
 b - a +0 animal skin (worn)
Jewellery
 i - an amulet of magic regeneration (around neck)
 k - a ring of protection from cold (right hand)
 l - a +4 ring of evasion (left hand)
Wands
 q - a wand of enslavement (5)
 r - a wand of digging (3)
 s - a wand of polymorph (21)
Scrolls
 e - a scroll of fear
 f - 3 scrolls of remove curse
 m - 2 scrolls of magic mapping
 o - a scroll of teleportation
Potions
 c - a potion of brilliance
 d - 3 potions of curing
 j - a potion of attraction


   Skills:
 + Level 6.1 Fighting
 + Level 6.3 Axes
 + Level 3.1 Armour
 - Level 2.3 Dodging


You had 5 spell levels left.
You didn't know any spells.
Your spell library was empty.

Dungeon Overview and Level Annotations

Branches:
Dungeon (4/15)
 Temple: D:4-7

Altars:
Ashenzari
Hepliaklqana
Makhleb
Okawaru

Annotations:
D:4 2 transporters, Eustachio; hidenotslide's ghost, amateur GrEE


Innate Abilities, Weirdness & Mutations

You reflexively headbutt those who attack you in melee.
You have a pair of horns on your head.


Message History

You feel invigorated. The centaur skeleton misses you.
The crimson imp blinks!
The centaur skeleton barely misses you. The white imp closely misses you.
The white imp gestures at you. The puff of frost hits you. You resist.
* * * LOW HITPOINT WARNING * * *
The river rat completely misses you.
You hit the white imp.
Space warps horribly around the white imp!!
You kill the white imp!
The bat hits you.
* * * LOW HITPOINT WARNING * * *
The bat completely misses you. The centaur skeleton hits you.
* * * LOW HITPOINT WARNING * * *
Eustachio casts a spell.
Eustachio blinks!
The white imp hits you.
* * * LOW HITPOINT WARNING * * *
The white imp freezes you. You resist.
* * * LOW HITPOINT WARNING * * *
The river rat bites you!
You die...

###########...............
###...†....###..
#....))...#...
###.............
#...............
#......)......#
#.....##......#
#....5#b..#.#...
#.....@r5#..# ..
#.....Z#....#...
#######..?.....@.....#
#.........(.........##
#...............§...##
....#..............§# .##
#....##.........#
#.#..##......©....
!.....#...#########.


You could see Eustachio, a crimson imp (summoned), a river rat (summoned), a
white imp (summoned), a bat (summoned) and a centaur skeleton.

Vanquished Creatures
  A howler monkey (D:4)
  A centaur skeleton (D:3)
  2 hounds
  A worker ant (D:4)
  A hound skeleton (D:4)
  4 adders
  A worm (D:3)
  2 dart slugs (D:1)
  2 leopard geckos (D:3)
  6 orcs
  3 ball pythons
  8 bats
  3 giant cockroaches
  7 goblins
  8 hobgoblins
  8 jackals
  A quokka (D:4)
  3 frilled lizards
  9 kobolds
  A leopard gecko skeleton (D:4)
  8 rats
80 creatures vanquished.

Notes
Turn   | Place    | Note
-------+----------+-------------------------------------------
     0 | D:1      | Kraken2834 the Minotaur Berserker began the quest for the
                  | Orb.
     0 | D:1      | Reached XP level 1. HP: 19/19 MP: 0/0
   309 | D:1      | Reached XP level 2. HP: 27/27 MP: 1/1
   753 | D:2      | Reached XP level 3. HP: 29/33 MP: 2/2
   965 | D:2      | Found a burning altar of Makhleb.
   968 | D:2      | Reached XP level 4. HP: 41/41 MP: 3/3
  1050 | D:2      | Found a hazy altar of Hepliaklqana.
  1120 | D:2      | Reached skill level 5 in Axes
  1204 | D:2      | Reached ** piety under Trog
  1597 | D:3      | Reached skill level 5 in Fighting
  1662 | D:3      | Reached XP level 5. HP: 48/48 MP: 4/4
  1910 | D:3      | Found a broken altar of Ashenzari.
  1923 | D:3      | Found an iron altar of Okawaru.
  2144 | D:4      | Reached XP level 6. HP: 46/57 MP: 5/5
  2147 | D:4      | Reached *** piety under Trog
  2216 | D:4      | Found a transporter.
  2219 | D:4      | Found a transporter.
  2219 | D:4      | Noticed hidenotslide's ghost (amateur GrEE)
  2223 | D:4      | Noticed Eustachio
  2249 | D:4      | Slain by a river rat

Illustrated notes

Levels and vault maps discovered:
D:1:      scummos_arrival_simple_fountains, layout_basic
D:2:      layout_basic, nicolae_overflow_crystal_walls,
          makhleb_heckhound_becter, eino_tiny_chamber, minivault_4,
          kennysheep_cluttered_room, grunt_decor_junction
D:3:      layout_rooms, general_overflow_altar, okawaru_ov_weapons_minmay
D:4:      layout_cave_pools, nicolae_overflow_hidden_temple,
          gammafunk_ghost_arena, uniq_menkaure, uniq_eustachio,
          uniq_crazy_yiuf_cottage

Skill      XL: |  1  2  3  4  5 |
---------------+----------------+-----
Axes           | 4 5 6 |  6.3
Fighting       | 4 5 6 |  6.1
Armour         | 3 |  3.1
Dodging        | |  2.3

Action                   |  1- 3 |  4- 6 || total
-------------------------+-------+-------++-------
Melee: Hand axe          |    15 |       ||    15
       Headbutt          |     4 |     9 ||    13
       Dagger            |    33 |    92 ||   125
  Use: Scroll            |       |    10 ||    10
       Potion            |       |     1 ||     1
 Stab: Sleeping          |     1 |       ||     1
Armor: Animal skin       |     9 |     8 ||    17
Dodge: Dodged            |    31 |    99 ||   130

Table legend: (Time is in decaauts)
 A = Elapsed time spent in this place.
 B = Non-inter-level travel time spent in this place.
 C = Inter-level travel time spent in this place.
 D = Time resting spent in this place.
 E = Time spent auto-exploring this place.
 F = Levels seen in this place.
 G = Mean time per level.
                   A        B        C        D        E       F      G
               +--------+--------+--------+--------+--------+-----+--------+
         Total |   2248 |   2202 |     46 |      0 |   1779 |   4 |  562.0 |
       Dungeon |   2248 |   2202 |     46 |      0 |   1779 |   4 |  562.0 |
               +--------+--------+--------+--------+--------+-----+--------+

Top non-repeatable levels by time:
     D:2: 745 daAuts
     D:1: 734 daAuts
     D:3: 608 daAuts
     D:4: 160 daAuts
